 Dungeon Crawl Stone Soup version 0.30-a0-170-g85af917532 (webtiles) character file.

Game seed: 13008352460151217952

1192 glaedl the Digger (level 8, -10/42 HPs)
             Began as a Gargoyle Earth Elementalist on Oct 1, 2022.
             Was a Follower of Sif Muna.
             Killed by an exploding ice beast (37 damage)
             ... ignited by their inner flame
             ... on level 5 of the Dungeon.
             The game lasted 00:29:41 (5406 turns).

glaedl the Digger (Gargoyle Earth Elementalist)     Turns: 5406, Time: 00:29:45

Health: -10/42     AC: 13    Str: 12    XL:     8   Next: 43%
Magic:  0/16       EV: 15    Int: 18    God:    Sif Muna [*.....]
Gold:   108        SH:  0    Dex: 10    Spells: 12/18 levels left

rFire   . . .      SeeInvis .    k - staff of death
rCold   . . .      Faith    .    (no shield)
rNeg    + + .      Spirit   .    b - +0 troll leather armour {Pargi}
rPois   ∞          Reflect  .    (no helmet)
rElec   +          Harm     .    (no cloak)
rCorr   .          Rampage  .    (no gloves)
Will    .....                    e - +2 pair of boots
Stlth   ++........               (no amulet)
HPRegen 0.94/turn                g - +4 ring of evasion
MPRegen 0.15/turn                n - ring of flight

@: flying
A: sickness immunity, AC +5, negative energy resistance 1, electricity
resistance, torment resistance 1, petrification resistance
a: Renounce Religion, Channel Magic


You were on level 5 of the Dungeon.
You worshipped Sif Muna.
Sif Muna was aware of your devotion.
You visited 1 branch of the dungeon, and saw 5 of its levels.
You also visited: Sewer.

You collected 212 gold pieces.
You spent 104 gold pieces at shops.

Inventory:

Hand Weapons
 f - a +0 club
 h - a +0 club
Armour
 b - a +0 troll leather armour (worn) {Pargi}
 e - a +2 pair of boots (worn)
Magical Staves
 k - a staff of death (weapon)
Jewellery
 d - a ring of see invisible
 g - a +4 ring of evasion (left hand)
 j - a ring of protection from cold
 n - a ring of flight (right hand)
Scrolls
 a - a scroll of immolation
 i - 3 scrolls of teleportation
 o - a scroll of torment {unknown}
 p - a scroll of enchant armour {unknown}
 q - a scroll of silence
 r - a scroll of noise {unknown}
 s - a scroll of identify
Potions
 c - a potion of mutation
 l - a potion of lignification
 m - a potion of haste
 t - a potion of heal wounds


   Skills:
 + Level 0.7 Fighting
 + Level 0.1(0.2) Maces & Flails
 + Level 0.2 Staves
 + Level 1.9 Armour
 + Level 2.4 Dodging
 + Level 2.8 Stealth
 + Level 5.9 Spellcasting
 * Level 2.9 Conjurations
 + Level 0.8 Transmutations
 + Level 7.9 Earth Magic


You had 12 spell levels left.
You knew the following spells:

 Your Spells              Type           Power      Damage    Failure   Level
a - Sandblast             Erth           68%        2d15      1%          1
b - Passwall              Tmut/Erth      17%        N/A       3%          2
c - Stone Arrow           Conj/Erth      50%        3d10      4%          3

Your spell library contained the following spells:

 Spells                   Type           Power      Damage    Failure   Level
 Foxfire                  Conj/Fire      40%        2x1d6     9%          1
 Beastly Appendage        Tmut           16%        N/A       11%         1
 Petrify                  Tmut/Erth      21%        N/A       26%         4
 Manifold Assault         Tloc           5%         N/A       83%         4
 Irradiate                Conj/Tmut      6%         3d13      89%         5
 Fireball                 Conj/Fire      5%         3d5       93%         5
 Blade Hands              Tmut           4%         N/A       97%         5
 Dispersal                Tloc           2%         N/A       100%        6
 Starburst                Conj/Fire      5%         6d4       100%        6
 Dragon Form              Tmut           4%         N/A       100%        7
 Disjunction              Tloc           2%         N/A       100%        8


Dungeon Overview and Level Annotations

Branches:
Dungeon (5/15)              Sewer (visited)
 Temple: D:4-7

Altars:
Elyvilon
Nemelex Xobeh
Sif Muna

Shops:
D:4 ([[**


Innate Abilities, Weirdness & Mutations

You are immune to sickness and miasma.
Your stone body is resilient. (AC +5)
You are immune to poison.
You resist negative energy. (rN+)
You are resistant to electric shocks. (rElec)
You are resistant to unholy torment.
You are immune to petrification.


Message History

Press: ? - help, Q - select action, (/) - cycle Shift-Dir - straight line, f/p - orc
Aim: an orc, wielding a +0 falchion (84% to hit)
The blast of sand hits the orc!!
You kill the orc!
Sif Muna accepts your kill.
The ice beast hits you but does no damage.
Aiming: Sandblast (safe; 1% risk of failure)
Press: ? - help, Q - select action, (/) - cycle Shift-Dir - straight line, f - ice beast
Aim: an ice beast (heavily wounded, 84% to hit)
The blast of sand hits the ice beast!
The ice beast is almost dead.
The ice beast hits you but does no damage.
You barely miss the ice beast.
The ice beast is almost dead.
You hear the rapid hiss of a very distant avalanche of sand.
The ice beast closely misses you.
You hit the ice beast.
The ice beast is almost dead.
An orc wizard comes into view. It is wielding a +0 dagger.
The ice beast barely misses you. The ice beast hits you.
The ice beast freezes you! The orc barely misses you.
You barely miss the ice beast.
The ice beast is almost dead.
The orc hits you with a +0 short sword. The ice beast misses you.
As you read the scroll of immolation, it crumbles to dust.
The creatures around you are filled with an inner flame!
A worm comes into view.
The orc barely misses you. The ice beast completely misses you.
Aiming: Sandblast (safe; 1% risk of failure)
Press: ? - help, Q - select action, (/) - cycle Shift-Dir - straight line, f/p - ice beast
Aim: an ice beast (almost dead, inner flame, 84% to hit)
The blast of sand hits the ice beast.
Sif Muna accepts your kill.
You can now call upon Sif Muna for magical energy.
The ice beast explodes!
The fiery explosion engulfs the orc!
Sif Muna accepts your kill. The fiery explosion engulfs you!!!
Ouch! That really hurt!
You die...

#.##..........############
#.##...............†.....#
..##.....................#
..##.....................#
.(##.....................#
......)..................#
...†..........!..........#
.........................#
...............§@§........
..#.##########..§§....§.§#
..#.# #.§§§....§§P. #.#.#
##...###.#§≈≈ #...# #o..#
...≈≈ #...###### #...#
##.P. #......... ....# ##
#......... w...#
))........


You could see a worm and an orc wizard (inner flame).

Vanquished Creatures
  Grinder (D:4)
  Pargi (Sewer)
  3 ice beasts (D:5)
  An ogre (D:5)
  2 scorpions (D:5)
  A jelly (D:4)
  A quasit (D:5)
  2 hounds
  An orc priest (D:4)
  2 iguanas (D:5)
  Natasha (twice) (D:4)
  4 orc wizards
  4 adders
  A river rat (D:4)
  A shadow imp (D:5)
  An ufetubus (D:5)
  A worm (D:3)
  A dart slug (D:1)
  14 orcs
  7 ball pythons
  2 endoplasms (D:4)
  9 giant cockroaches
  4 goblins
  6 hobgoblins
  4 jackals (D:4)
  A quokka (D:3)
  10 bats
  5 frilled lizards
  10 kobolds
  13 rats
115 creatures vanquished.

Notes
Turn   | Place    | Note
-------+----------+-------------------------------------------
     0 | D:1      | glaedl the Gargoyle Earth Elementalist began the quest for
                  | the Orb.
     0 | D:1      | Reached XP level 1. HP: 10/10 MP: 3/3
   236 | D:1      | Found a faded altar of an unknown god.
   239 | D:1      | Reached XP level 2. HP: 15/15 MP: 3/5
   262 | D:1      | Reached skill level 4 in Earth Magic
   915 | D:1      | Reached XP level 3. HP: 19/19 MP: 4/6
  2178 | D:3      | Reached XP level 4. HP: 24/24 MP: 4/7
  2437 | D:3      | Reached skill level 5 in Earth Magic
  2444 | D:3      | Learned a level 2 spell: Passwall
  2738 | D:3      | Found a sparkling altar of Nemelex Xobeh.
  2836 | D:3      | Found a white marble altar of Elyvilon.
  2999 | D:3      | Reached XP level 5. HP: 28/28 MP: 5/9
  3347 | D:4      | Found Kofow's Weapon Shop.
  3413 | D:4      | Learned a level 3 spell: Stone Arrow
  3442 | D:4      | Found Solem's Armour Shop.
  3474 | D:4      | Found Muiruete's Antique Armour Boutique.
  3496 | D:4      | Found a glowing drain.
  3593 | Sewer    | Entered a sewer
  3722 | Sewer    | Noticed Pargi
  3731 | Sewer    | Killed Pargi
  3732 | Sewer    | Reached skill level 6 in Earth Magic
  3732 | Sewer    | Reached XP level 6. HP: 32/33 MP: 5/12
  3832 | D:4      | Identified the +0 robe of Amorality {Str+4}
  4112 | D:4      | Found Mochecleo's General Store.
  4117 | D:4      | Noticed Grinder
  4122 | D:4      | Killed Grinder
  4123 | D:4      | Reached XP level 7. HP: 37/37 MP: 7/14
  4173 | D:4      | Found Miuhes's General Store.
  4178 | D:4      | Bought a potion of mutation for 104 gold pieces
  4441 | D:4      | Found a shimmering blue altar of Sif Muna.
  4447 | D:4      | Became a worshipper of Sif Muna the Loreminder
  4609 | D:4      | Got Sif Muna's Incunable of Forms
  4661 | D:4      | Noticed Natasha
  4665 | D:4      | Killed Natasha
  4726 | D:4      | Reached skill level 5 in Spellcasting
  4777 | D:4      | Noticed Natasha
  4780 | D:4      | Killed Natasha
  4781 | D:4      | Reached skill level 7 in Earth Magic
  4806 | D:5      | Entered Level 5 of the Dungeon
  4842 | D:5      | Reached skill level 1 in Conjurations
  5029 | D:5      | Reached skill level 1 in Armour
  5029 | D:5      | Reached XP level 8. HP: 42/42 MP: 10/16
  5406 | D:5      | Reached * piety under Sif Muna
  5406 | D:5      | Killed by an exploding ice beast... ignited by their inner
                  | flame

Illustrated notes

Levels and vault maps discovered:
D:1:      matt_arrival_refuge, layout_loops_ring,
          nicolae_ecumenical_snake_handling
D:2:      layout_loops_corners, minmay_misc_feat_more_columns, minmay_hedge_maze
D:3:      layout_basic, old_standard_altar, elyvilon_altar_5
D:4:      layout_gridville, led_sif_book, portal_sewer_entry_a, serial_shops,
          shop, nicolae_inconvenience_store, nicolae_shop_crystal, shop,
          nicolae_shop_stone, uniq_grinder, uniq_natasha
D:5:      layout_basic, minmay_temple_entry_mist, gup_ossuary_entry_pyramid,
          serial_demonic, serial_demonic_e, serial_demonic_d, serial_demonic_g,
          serial_demonic_e, ebering_ghost_reflecting_pool

Skill      XL: |  1  2  3  4  5  6  7 |
---------------+----------------------+-----
Earth Magic    | 4 5 6 7 |  7.9
Spellcasting   | 3 4 5 |  5.9
Dodging        | 2 |  2.4
Conjurations   | 2 |  2.9
Armour         | 1 |  1.9
Fighting       | |  0.7
Maces & Flails | |  0.1
Staves         | |  0.2
Stealth        | |  2.8
Transmutations | |  0.8

Action                   |  1- 3 |  4- 6 |  7- 9 || total
-------------------------+-------+-------+-------++-------
Melee: Unarmed           |    20 |     1 |       ||    21
       Club              |       |    10 |       ||    10
       Staff             |       |     4 |     4 ||     8
 Cast: Sandblast         |    45 |    79 |    46 ||   170
       Passwall          |       |     4 |       ||     4
       Stone Arrow       |       |       |    17 ||    17
  Use: Potion            |     5 |     1 |       ||     6
       Scroll            |     1 |     5 |     1 ||     7
Armor: Robe              |    14 |    20 |       ||    34
       Troll leather arm |       |     3 |    11 ||    14
Dodge: Dodged            |    34 |    57 |    20 ||   111

Table legend: (Time is in decaauts)
 A = Elapsed time spent in this place.
 B = Non-inter-level travel time spent in this place.
 C = Inter-level travel time spent in this place.
 D = Time resting spent in this place.
 E = Time spent auto-exploring this place.
 F = Levels seen in this place.
 G = Mean time per level.
                   A        B        C        D        E       F      G
               +--------+--------+--------+--------+--------+-----+--------+
         Total |   5475 |   5425 |     50 |    465 |   4199 |   6 |  912.5 |
       Dungeon |   5236 |   5186 |     50 |    359 |   4147 |   5 | 1047.2 |
         Sewer |    238 |    238 |      0 |    106 |     52 |   1 |  238.0 |
               +--------+--------+--------+--------+--------+-----+--------+

Top non-repeatable levels by time:
     D:4: 1258 daAuts
     D:3: 1247 daAuts
     D:1: 1174 daAuts
     D:2: 941 daAuts
     D:5: 614 daAuts
   Sewer: 238 daAuts
